 Dungeon Crawl Stone Soup version 0.29.1-1-gd02db6906a (webtiles) character file.

Game seed: 17387514074745688276

165 warriortoast the Conjurer (level 5, -5/28 HPs)
             Began as a Deep Elf Conjurer on Oct 5, 2022.
             Slain by an iguana (12 damage)
             ... on level 4 of the Dungeon.
             The game lasted 00:05:32 (3410 turns).

warriortoast the Conjurer (Deep Elf Conjurer)       Turns: 3410, Time: 00:05:34

Health: -5/28      AC:  5    Str:  4    XL:     5   Next: 22%
Magic:  6/15       EV: 12    Int: 25    God:
Gold:   200        SH:  0    Dex: 13    Spells: 3/15 levels left

rFire   . . .      SeeInvis .   d - staff of conjuration
rCold   . . .      Faith    .   (no shield)
rNeg    . . .      Spirit   .   a - +0 robe
rPois   .          Reflect  .   f - +0 helmet
rElec   .          Harm     .   n - +0 cloak
rCorr   .          Rampage  .   u - +0 pair of gloves
Will    .....                   (no boots)
Stlth   ++........              (no amulet)
HPRegen 0.09/turn               (no ring)
MPRegen 0.14/turn               (no ring)

@: no status effects
A: no striking features
a: no special abilities


You were on level 4 of the Dungeon.
You visited 1 branch of the dungeon, and saw 4 of its levels.

You collected 200 gold pieces.

Inventory:

Armour
 a - a +0 robe (worn)
 f - a +0 helmet (worn)
 n - a +0 cloak (worn)
 u - a +0 pair of gloves (worn)
Magical Staves
 d - a staff of conjuration (weapon)
Jewellery
 m - a +6 ring of dexterity
Scrolls
 c - a scroll of vulnerability {unknown}
 e - a scroll of fear {unknown}
 h - 6 scrolls of identify {unknown}
 i - a scroll of poison {unknown}
 j - a scroll of noise {unknown}
 l - a scroll of silence {unknown}
 o - a scroll of brand weapon {unknown}
 r - a scroll of enchant weapon {unknown}
 s - a scroll of magic mapping {unknown}
 t - a scroll of immolation {unknown}
Potions
 b - a potion of magic
 g - a potion of heal wounds {unknown}
 k - a potion of might {unknown}
 p - a potion of flight {unknown}
 q - a potion of lignification {unknown}


   Skills:
 - Level 2.4 Dodging
 - Level 2.4 Stealth
 + Level 5.6 Spellcasting
 + Level 5.9 Conjurations


You had 3 spell levels left.
You knew the following spells:

 Your Spells              Type           Power      Damage    Failure   Level
a - Magic Dart            Conj           100%       1d8       1%          1
b - Dazzling Flash        Conj/Hex       66%        N/A       7%          3
c - Fulminant Prism       Conj/Hex       16%        3d11      22%         4
d - Iskenderun's Mystic   Conj/Tloc      33%        2d8       22%         4

Your spell library contained the following spells:

 Spells                   Type           Power      Damage    Failure   Level
 Searing Ray              Conj           100%       2d8       1%          2
 Ensorcelled Hibernation  Hex/Ice        14%        N/A       12%         2
 Passwall                 Tmut/Erth      5%         N/A       12%         2
 Swiftness                Air            7%         N/A       24%         3
 Dispersal                Tloc           3%         N/A       100%        6
 Disjunction              Tloc           3%         N/A       100%        8


Dungeon Overview and Level Annotations

Branches:
Dungeon (4/15)
 Temple: D:4-7

Altars:
Makhleb
Trog


Message History

You feel a surge of power!
The magic dart hits the iguana.
The iguana is severely wounded.
You feel a surge of power!
The magic dart hits the iguana but does no damage.
The iguana is severely wounded.
The iguana bites you!
You feel a surge of power!
The magic dart hits the iguana but does no damage.
The iguana is severely wounded.
The iguana bites you.
You feel a surge of power!
The magic dart hits the iguana but does no damage.
The iguana is severely wounded.
The iguana closely misses you.
You feel a surge of power!
The magic dart hits the iguana but does no damage.
The iguana is severely wounded.
The iguana bites you.
You are too injured to fight recklessly!
You are too injured to fight recklessly!
You are too injured to fight recklessly!
Casting: Magic Dart (safe; 1% risk of failure)
Confirm with . or Enter, or press ? or * to list all spells.
Aiming: Magic Dart (safe; 1% risk of failure)
Press: ? - help, Shift-Dir - straight line, f/p - iguana
Aim: an iguana (severely wounded, 100% to hit)
You feel a surge of power!
The magic dart hits the iguana.
The iguana is almost dead.
The iguana bites you.
* * * LOW HITPOINT WARNING * * *
Casting: Magic Dart (safe; 1% risk of failure)
Confirm with . or Enter, or press ? or * to list all spells.
Aiming: Magic Dart (safe; 1% risk of failure)
Press: ? - help, Shift-Dir - straight line, f/p - iguana
Aim: an iguana (almost dead, 100% to hit)
You feel a surge of power!
The magic dart hits the iguana but does no damage.
The iguana is almost dead.
The iguana bites you!
You die...

#...
....###.####
#.###
...........#
#.#
.....##.##.#
#.# ####.
#.##.## #.# #.
#.....# #.#
####
#.#####.##
...).#.......#
#.......###.#
#.#.##@.###.#
#..l......#
#.....#.)#####
##.#.##..#
..... ...# ###
####


You could see an iguana.

Vanquished Creatures
  4 gnolls (D:3)
  5 adders
  A worm (D:2)
  2 dart slugs (D:1)
  5 ball pythons
  12 bats
  6 endoplasms
  2 giant cockroaches
  7 goblins
  5 hobgoblins
  8 jackals (D:1)
  6 kobolds
  3 quokkas (D:1)
  2 frilled lizards
  5 rats
73 creatures vanquished.

Notes
Turn   | Place    | Note
-------+----------+-------------------------------------------
     0 | D:1      | warriortoast the Deep Elf Conjurer began the quest for the
                  | Orb.
     0 | D:1      | Reached XP level 1. HP: 10/10 MP: 6/6
   150 | D:1      | Reached XP level 2. HP: 15/15 MP: 2/8
   621 | D:1      | Reached skill level 5 in Conjurations
   621 | D:1      | Reached XP level 3. HP: 19/19 MP: 7/10
  1476 | D:2      | Reached XP level 4. HP: 24/24 MP: 9/12
  1944 | D:2      | Found a faded altar of an unknown god.
  2159 | D:3      | Reached skill level 5 in Spellcasting
  2426 | D:3      | Reached XP level 5. HP: 28/28 MP: 12/14
  2441 | D:3      | Found a burning altar of Makhleb.
  2567 | D:3      | Found a bloodstained altar of Trog.
  3263 | D:4      | Learned a level 3 spell: Dazzling Flash
  3268 | D:4      | Learned a level 4 spell: Fulminant Prism
  3273 | D:4      | Learned a level 4 spell: Iskenderun's Mystic Blast
  3410 | D:4      | Slain by an iguana

Illustrated notes

Levels and vault maps discovered:
D:1:      dpeg_arrival_round_c, layout_basic, hex_intersection
D:2:      layout_loops_ring, ebering_ecumenical_altar_sacrificial
D:3:      layout_basic, marbit_many_paths, general_overflow_altar,
          mrwooster_statue_mirror
D:4:      layout_loops_cross, mainiacjoe_overflow_alcove_2,
          chequers_serial_rivers_micro_e

Skill      XL: |  1  2  3  4 |
---------------+-------------+-----
Spellcasting   | 4 5 |  5.6
Conjurations   | 5 |  5.9
Dodging        | |  2.4
Stealth        | |  2.4

Action                   |  1- 3 |  4- 6 || total
-------------------------+-------+-------++-------
 Cast: Magic Dart        |    82 |    66 ||   148
Armor: Robe              |     1 |     2 ||     3
Dodge: Dodged            |       |     5 ||     5
